[Event "FIDE World Junior U20-ch Girls 2025"]
[Site "Petrovac"]
[Date "2025.03.02"]
[Round "6.28"]
[White "Sulyok, Eszter"]
[Black "Guo, Hanxi"]
[Result "1/2-1/2"]
[Annotator "NA"]
[ECO "A05"]
[WhiteElo "2109"]
[BlackElo "1854"]
[PlyCount "97"]
[EventDate "2025.02.23"]
[EventType "swiss"]
[EventCountry "MNE"]
[SourceTitle "playchess.com"]
[Source "ChessBase"]
[SourceQuality "1"]
[TimeControl "40/5400+30:1800+30"]

1. Nf3 Nf6 2. g3 e6 3. Bg2 d5 4. O-O Be7 5. d3 c5 6. Nbd2 Nc6 7. e4 d4 8. a4 e5 9. Nc4 Qc7 10. Nh4 Be6 11. Nf5 O-O 12. f4 Bxf5 13. exf5 Nd7 14. g4 f6 15. g5 g6 16. fxg6 hxg6 17. f5 fxg5 18. fxg6 Kg7 19. Rf7+ Rxf7 20. gxf7 Rh8 21. h3 Rh4 22. Qf3 e4 23. dxe4 g4 24. hxg4 Qh2+ 25. Kf1 Nde5 26. Nxe5 Nxe5 27. Qf4 Qxf4+ 28. Bxf4 Bd6 29. Ra3 Rxg4 30. Bxe5+ Bxe5 31. Rf3 Rf4 32. Rxf4 Bxf4 33. Ke2 Kxf7 34. Kd3 Ke6 35. Kc4 Be3 36. Bf1 Bc1 37. b4 cxb4 38. Kxd4 Bb2+ 39. Kc5 Ke5 40. Kxb4 Kxe4 41. Bg2+ Ke5 42. Bxb7 Kd6 43. c4 Bd4 44. Kb5 Bc5 45. Bg2 Bd4 46. Be4 Bc5 47. Bg2 Bd4 48. Be4 Bc5 49. Bg2 1/2-1/2

[Event "FIDE World Junior U20-ch Girls 2025"]
[Site "Petrovac"]
[Date "2025.03.02"]
[Round "6.29"]
[White "Seyilhanova, Gulmira"]
[Black "Karacsonyi, Kata"]
[Result "1/2-1/2"]
[Annotator "ChessBase"]
[ECO "A08"]
[WhiteElo "1939"]
[BlackElo "2191"]
[PlyCount "134"]
[EventDate "2025.02.23"]
[EventType "swiss"]
[EventCountry "MNE"]
[SourceTitle "playchess.com"]
[Source "ChessBase"]
[SourceQuality "1"]
[TimeControl "40/5400+30:1800+30"]

1. Nf3 Nf6 2. g3 e6 3. Bg2 d5 4. O-O c5 5. d3 Nc6 6. Nbd2 Be7 7. e4 b6 8. Re1 Bb7 9. c3 h6 10. Qe2 Qc7 11. Nf1 dxe4 12. dxe4 a5 13. Qb5 O-O 14. Bf4 e5 15. Bd2 Ba6 16. Qa4 Bd3 17. Nh4 Rfd8 18. Ne3 b5 19. Qd1 Bxe4 20. Nef5 Bxg2 21. Kxg2 Qd7 22. Be3 Bf8 23. Qxd7 Rxd7 24. Rad1 Rad8 25. Rxd7 Rxd7 26. Nf3 e4 27. Nd2 Rd5 28. Nh4 g5 29. a4 gxh4 30. axb5 Ne5 31. Ra1 Neg4 32. Nc4 Nxe3+ 33. fxe3 hxg3 34. hxg3 Rd7 35. Rxa5 Nd5 36. Ra8 Kg7 37. Re8 Rb7 38. Rd8 Nb6 39. Na5 Ra7 40. Nc6 Rb7 41. b3 c4 42. Na5 Rc7 43. b4 Rc8 44. Rxc8 Nxc8 45. Nxc4 Nd6 46. Na3 Nb7 47. Nc2 Kf6 48. c4 Ke5 49. c5 Kd5 50. Nd4 Bg7 51. Nf5 Bc3 52. Ne7+ Ke6 53. Nc6 Kd7 54. Nb8+ Kc8 55. Na6 Bxb4 56. Nxb4 Nxc5 57. g4 Kb7 58. Nd5 Ne6 59. Kg3 Ka7 60. Kh4 Ng7 61. g5 Nf5+ 62. Kg4 Nxe3+ 63. Nxe3 hxg5 64. Nc4 f5+ 65. Kxf5 e3 66. Nxe3 Kb6 67. Kxg5 Kxb5 1/2-1/2

[Event "FIDE World Junior U20-ch Girls 2025"]
[Site "Petrovac"]
[Date "2025.03.02"]
[Round "6.30"]
[White "Trifoi, Mihaela-Ioana"]
[Black "Peglau, Charis"]
[Result "0-1"]
[Annotator "ChessBase"]
[ECO "C02"]
[WhiteElo "1990"]
[BlackElo "2203"]
[PlyCount "62"]
[EventDate "2025.02.23"]
[EventType "swiss"]
[EventCountry "MNE"]
[SourceTitle "playchess.com"]
[Source "ChessBase"]
[SourceQuality "1"]
[TimeControl "40/5400+30:1800+30"]

1. e4 e6 2. d4 d5 3. e5 c5 4. c3 Bd7 5. Nf3 Qb6 6. Be2 cxd4 7. cxd4 Bb5 8. Nc3 Bxe2 9. Qxe2 Nc6 10. O-O Nge7 11. Be3 Nf5 12. Rfd1 Be7 13. a3 Na5 14. Nd2 Rc8 15. Na4 Qc6 16. Rac1 Qxc1 17. Rxc1 Rxc1+ 18. Nf1 Nxe3 19. Qb5+ Nc6 20. fxe3 O-O 21. Nc3 f6 22. Ne2 Ra1 23. h3 fxe5 24. Neg3 exd4 25. Kh2 Bd6 26. Qxb7 Nd8 27. Qd7 Bb8 28. Qc8 Nf7 29. Qa6 Ng5 30. Nd2 dxe3 31. Nf3 e2 0-1

[Event "FIDE World Junior U20-ch Girls 2025"]
[Site "Petrovac"]
[Date "2025.03.02"]
[Round "6.31"]
[White "Abdinova, Narmin"]
[Black "Zelbova, Lada"]
[Result "0-1"]
[Annotator "ChessBase"]
[ECO "E04"]
[WhiteElo "2186"]
[BlackElo "1994"]
[PlyCount "120"]
[EventDate "2025.02.23"]
[EventType "swiss"]
[EventCountry "MNE"]
[SourceTitle "playchess.com"]
[Source "ChessBase"]
[SourceQuality "1"]
[TimeControl "40/5400+30:1800+30"]

1. d4 Nf6 2. c4 e6 3. g3 d5 4. Bg2 dxc4 5. Nf3 c5 6. Nc3 Nc6 7. dxc5 Qxd1+ 8. Nxd1 Bxc5 9. Be3 Bb4+ 10. Bd2 O-O 11. Rc1 Bd7 12. Rxc4 Bxd2+ 13. Nxd2 Rfd8 14. Nb3 Rac8 15. Nc3 Ne5 16. Rd4 Bc6 17. f3 Nd5 18. Kf2 Nxc3 19. bxc3 Kf8 20. Na5 Bd5 21. Rhd1 Ke7 22. e4 Bxa2 23. R1d2 Bc4 24. Nxb7 Rxd4 25. cxd4 Nd3+ 26. Ke3 Ba6 27. Ra2 Nb4 28. Rb2 Rc3+ 29. Kd2 Rd3+ 30. Kc1 Rxd4 31. Nc5 Rc4+ 32. Kd2 Rxc5 33. Rxb4 Bb5 34. Rb1 a5 35. Bf1 Bxf1 36. Rxf1 Kd6 37. Ra1 Kc6 38. Kd3 Kb6 39. f4 Rb5 40. Kc3 Rb4 41. e5 Kb5 42. Rd1 Rc4+ 43. Kb2 Rc7 44. Rd8 Rb7 45. Ka3 h5 46. h3 g6 47. Rd1 Kc4 48. Ka4 Rb3 49. Rd7 Rxg3 50. Rxf7 Rxh3 51. Rf6 Rf3 52. Kxa5 Kd5 53. Kb6 Rg3 54. Kc7 g5 55. fxg5 Rxg5 56. Rh6 Kxe5 57. Kd7 Kf5 58. Kd6 e5 59. Kd5 Kf4 60. Rh8 Ke3 0-1

[Event "FIDE World Junior U20-ch Girls 2025"]
[Site "Petrovac"]
[Date "2025.03.02"]
[Round "6.32"]
[White "Ostensson, Julia"]
[Black "Peglau, Dora"]
[Result "0-1"]
[Annotator "NA"]
[ECO "D37"]
[WhiteElo "1979"]
[BlackElo "2134"]
[PlyCount "70"]
[EventDate "2025.02.23"]
[EventType "swiss"]
[EventCountry "MNE"]
[SourceTitle "playchess.com"]
[Source "ChessBase"]
[SourceQuality "1"]
[TimeControl "40/5400+30:1800+30"]

1. d4 Nf6 2. c4 e6 3. Nf3 d5 4. Nc3 a6 5. cxd5 exd5 6. Bg5 Be7 7. e3 c6 8. Bd3 O-O 9. h3 Ne4 10. Bxe7 Qxe7 11. Qc2 f5 12. O-O-O b5 13. Ne5 a5 14. f3 Nd6 15. g4 Nc4 16. gxf5 Nxe5 17. dxe5 Qxe5 18. e4 Na6 19. Qd2 d4 20. Ne2 Nb4 21. Kb1 Nxd3 22. Qxd3 c5 23. f4 Qe8 24. Rc1 Bb7 25. Ng3 c4 26. Qxd4 Rd8 27. Qe5 Qd7 28. Nh5 Rde8 29. Rhd1 Bxe4+ 30. Ka1 Qf7 31. Qxb5 Qxh5 32. Qxc4+ Qf7 33. Qc3 Bxf5 34. Qxa5 Ra8 35. Qd5 Be6 0-1

[Event "FIDE World Junior U20-ch Girls 2025"]
[Site "Petrovac"]
[Date "2025.03.02"]
[Round "6.33"]
[White "Mrittika Mallick"]
[Black "Beber, Anja"]
[Result "1/2-1/2"]
[Annotator "NA"]
[ECO "C50"]
[WhiteElo "2058"]
[BlackElo "1988"]
[PlyCount "117"]
[EventDate "2025.02.23"]
[EventType "swiss"]
[EventCountry "MNE"]
[SourceTitle "playchess.com"]
[Source "ChessBase"]
[SourceQuality "1"]
[TimeControl "40/5400+30:1800+30"]

1. e4 e5 2. Nf3 Nc6 3. Bc4 h6 4. c3 Nf6 5. d3 d6 6. Nbd2 g6 7. O-O Bg7 8. h3 O-O 9. Nh2 Kh7 10. Bb3 Nh5 11. Nc4 Ne7 12. Re1 Be6 13. d4 Qc8 14. g4 Bxc4 15. Bxc4 Nf6 16. f4 exd4 17. e5 dxe5 18. fxe5 Nfd5 19. Qxd4 c6 20. Qe4 Qc7 21. Bf1 Rae8 22. c4 Qb6+ 23. Kh1 Nc7 24. Qc2 c5 25. Nf3 Nc6 26. Bf4 Ne6 27. Bg3 Ned4 28. Nxd4 Nxd4 29. Qg2 Re7 30. Re4 Rfe8 31. Rae1 Qc6 32. Bd3 b6 33. h4 Qd7 34. Bb1 Nc6 35. h5 Nxe5 36. Qc2 Qc6 37. Qg2 Qb7 38. Bxe5 Rxe5 39. Rxe5 Qxg2+ 40. Kxg2 Bxe5 41. b3 Kg7 42. hxg6 fxg6 43. Re2 Re7 44. Be4 Bf4 45. Bf3 Rxe2+ 46. Bxe2 Kf6 47. Kf3 Ke5 48. Bd3 g5 49. Bg6 Kd4 50. Ke2 Kc3 51. Kd1 Kb2 52. Bh5 Kxa2 53. Kc2 Ka3 54. Bg6 Kb4 55. Be8 a6 56. Bg6 b5 57. cxb5 axb5 58. Bf7 c4 59. bxc4 1/2-1/2

[Event "FIDE World Junior U20-ch Girls 2025"]
[Site "Petrovac"]
[Date "2025.03.02"]
[Round "6.34"]
[White "Hernandez Diaz, Paula Sofia"]
[Black "Shuqja, Klean"]
[Result "0-1"]
[Annotator "NA"]
[ECO "E11"]
[WhiteElo "1972"]
[BlackElo "2049"]
[PlyCount "122"]
[EventDate "2025.02.23"]
[EventType "swiss"]
[EventCountry "MNE"]
[SourceTitle "playchess.com"]
[Source "ChessBase"]
[SourceQuality "1"]
[TimeControl "40/5400+30:1800+30"]

1. d4 Nf6 2. c4 e6 3. Nf3 Bb4+ 4. Bd2 Qe7 5. g3 Nc6 6. Nc3 d6 7. d5 Bxc3 8. Bxc3 Nb8 9. Bg2 e5 10. Qc2 O-O 11. e4 a5 12. O-O Nbd7 13. b3 Nc5 14. Nd2 Nh5 15. Qd1 g6 16. a3 Bd7 17. Rb1 f5 18. b4 axb4 19. axb4 Na4 20. Ba1 f4 21. Rc1 b6 22. Nb3 Ng7 23. f3 Qg5 24. Qe1 h5 25. Rc2 Qf6 26. gxf4 Qxf4 27. Nc1 h4 28. Nd3 Qg5 29. Qc1 Qxc1 30. Rfxc1 Nh5 31. Kf2 Rf7 32. Ne1 Raf8 33. Ke3 Nf4 34. h3 g5 35. Bf1 Nxh3 36. Bxh3 Bxh3 37. c5 bxc5 38. bxc5 Nxc5 39. Bxe5 Nb3 40. Rb1 dxe5 41. Rxb3 g4 42. Kf2 gxf3 43. Rbc3 Bg4 44. Rxc7 h3 45. Rxf7 h2 46. Rxf8+ Kxf8 47. Nxf3 h1=Q 48. Rc3 Bxf3 49. Rxf3+ Ke7 50. Re3 Kd6 51. Re1 Qh4+ 52. Kf1 Kc5 53. d6 Kxd6 54. Re3 Kc5 55. Ke2 Kd4 56. Rd3+ Kxe4 57. Ra3 Qh2+ 58. Kf1 Kf4 59. Ra4+ e4 60. Ra8 Kf3 61. Rf8+ Ke3 0-1

[Event "FIDE World Junior U20-ch Girls 2025"]
[Site "Petrovac"]
[Date "2025.03.02"]
[Round "6.35"]
[White "Zhou, Shumeng"]
[Black "Braeutigam, Katerina"]
[Result "0-1"]
[Annotator "NA"]
[ECO "C11"]
[WhiteElo "2049"]
[BlackElo "1981"]
[PlyCount "94"]
[EventDate "2025.02.23"]
[EventType "swiss"]
[EventCountry "MNE"]
[SourceTitle "playchess.com"]
[Source "ChessBase"]
[SourceQuality "1"]
[TimeControl "40/5400+30:1800+30"]

1. e4 e6 2. d4 d5 3. Nc3 Nf6 4. e5 Nfd7 5. f4 c5 6. Nf3 Nc6 7. Be3 a6 8. Ne2 cxd4 9. Nexd4 Be7 10. h4 Qa5+ 11. c3 Nxd4 12. Bxd4 b5 13. a3 Qc7 14. Bd3 f5 15. exf6 Bxf6 16. Ne5 Bxe5 17. Bxe5 Nxe5 18. Qh5+ Nf7 19. O-O g6 20. Qe2 Qc5+ 21. Kh2 Qe7 22. g3 Nd6 23. Qe5 O-O 24. h5 Nf5 25. Rae1 Qg7 26. g4 Qxe5 27. Rxe5 Ne7 28. hxg6 hxg6 29. Rg5 Kg7 30. Kg3 Bd7 31. Re1 Rf7 32. Rge5 Raf8 33. Rf1 Nc6 34. Rg5 Rf6 35. Re1 Nd8 36. f5 exf5 37. gxf5 Bxf5 38. Bxf5 Rxf5 39. Re7+ R8f7 40. Rxf5 gxf5 41. Re5 f4+ 42. Kf3 Kg6 43. Rxd5 Ne6 44. b3 Rf5 45. Rd6 Rf6 46. Rd5 Ng5+ 47. Kg4 f3 0-1

[Event "FIDE World Junior U20-ch Girls 2025"]
[Site "Petrovac"]
[Date "2025.03.02"]
[Round "6.36"]
[White "Morales Perez, Ghisell"]
[Black "Huseynova, Lala"]
[Result "0-1"]
[Annotator "NA"]
[ECO "B90"]
[WhiteElo "1902"]
[BlackElo "2032"]
[PlyCount "78"]
[EventDate "2025.02.23"]
[EventType "swiss"]
[EventCountry "MNE"]
[SourceTitle "playchess.com"]
[Source "ChessBase"]
[SourceQuality "1"]
[TimeControl "40/5400+30:1800+30"]

1. e4 c5 2. Nf3 d6 3. d4 cxd4 4. Nxd4 Nf6 5. Nc3 a6 6. h3 e5 7. Nb3 h5 8. Bg5 Be6 9. Be2 Nbd7 10. O-O Be7 11. Qd3 b5 12. Rad1 Rc8 13. a3 Qc7 14. f4 Qa7+ 15. Kh1 Bc4 16. Qf3 h4 17. Kh2 Qb6 18. f5 a5 19. Be3 Qa6 20. Bxc4 bxc4 21. Nd2 Qb7 22. Rb1 Qc6 23. Rfd1 Nb6 24. Bxb6 Qxb6 25. Nf1 Bd8 26. Ne3 Nh5 27. Ned5 Qc6 28. Qg4 Qc5 29. Rd2 Rb8 30. a4 Kf8 31. Re2 Ng3 32. Rd2 Rh5 33. f6 gxf6 34. Nb5 f5 35. exf5 Rxf5 36. Rbd1 Rf1 37. Nd4 exd4 38. Rxf1 Nxf1+ 39. Kh1 Qxd5 0-1

[Event "FIDE World Junior U20-ch Girls 2025"]
[Site "Petrovac"]
[Date "2025.03.02"]
[Round "6.37"]
[White "Zito, Enrica"]
[Black "Radenkovic, Mila"]
[Result "1-0"]
[Annotator "NA"]
[ECO "B08"]
[WhiteElo "1941"]
[BlackElo "2027"]
[PlyCount "57"]
[EventDate "2025.02.23"]
[EventType "swiss"]
[EventCountry "MNE"]
[SourceTitle "playchess.com"]
[Source "ChessBase"]
[SourceQuality "1"]
[TimeControl "40/5400+30:1800+30"]

1. e4 g6 2. d4 Bg7 3. Nc3 d6 4. Nf3 Nf6 5. h3 O-O 6. Bg5 c6 7. Qd2 b5 8. Bd3 Bb7 9. Bh6 b4 10. Ne2 c5 11. Bxg7 Kxg7 12. Ng3 Re8 13. dxc5 dxc5 14. O-O-O Ng8 15. Bb5 Nc6 16. Qf4 Qb6 17. Bc4 f6 18. e5 Rad8 19. Ne4 Na5 20. Rxd8 Rxd8 21. Bxg8 f5 22. Neg5 Rxg8 23. Nxh7 Bxf3 24. gxf3 Kxh7 25. Qh4+ Kg7 26. Qxe7+ Kh8 27. Rd1 g5 28. Rd6 Rg7 29. Qf8+ 1-0

[Event "FIDE World Junior U20-ch Girls 2025"]
[Site "Petrovac"]
[Date "2025.03.02"]
[Round "6.38"]
[White "Nguyen Thien Ngan"]
[Black "Romany, Joy"]
[Result "1-0"]
[Annotator "ChessBase"]
[ECO "B41"]
[WhiteElo "1923"]
[BlackElo "2025"]
[PlyCount "137"]
[EventDate "2025.02.23"]
[EventType "swiss"]
[EventCountry "MNE"]
[SourceTitle "playchess.com"]
[Source "ChessBase"]
[SourceQuality "1"]
[TimeControl "40/5400+30:1800+30"]

1. e4 c5 2. Nf3 a6 3. c4 e6 4. d4 cxd4 5. Nxd4 Nf6 6. Nc3 Bb4 7. Bd3 Nc6 8. Nxc6 dxc6 9. O-O e5 10. a3 Bc5 11. Bg5 h6 12. Bh4 g5 13. Bg3 Qe7 14. Kh1 h5 15. f3 h4 16. Bf2 Bxf2 17. Rxf2 Nh5 18. b4 a5 19. b5 Qc5 20. Kg1 Be6 21. Na4 Qd4 22. Bf1 Qxd1 23. Rxd1 cxb5 24. cxb5 Bb3 25. Nb6 Bxd1 26. Nxa8 Ke7 27. Nb6 Bb3 28. Bc4 a4 29. Bxb3 axb3 30. Rb2 Nf4 31. g3 Ne6 32. Rxb3 Nd4 33. Rd3 Rd8 34. Nd5+ Kd6 35. b6 f5 36. Kg2 g4 37. Nc3 gxf3+ 38. Kf2 hxg3+ 39. hxg3 fxe4 40. Nxe4+ Kd5 41. Re3 Rc8 42. Nc3+ Ke6 43. a4 Rc5 44. g4 Ra5 45. Ne4 Kd5 46. g5 Nf5 47. Re1 Ra8 48. Kxf3 Nd4+ 49. Kg4 Rf8 50. Nf6+ Ke6 51. Rxe5+ Kf7 52. Rd5 Ne6 53. Nd7 Ra8 54. a5 Ke7 55. Nf6 Kf7 56. Ne4 Kg6 57. Rd6 Kf7 58. Rd7+ Kg6 59. Re7 Nd4 60. Rxb7 Rxa5 61. Re7 Rb5 62. b7 Nf5 63. Rc7 Ne3+ 64. Kf3 Nd5 65. Rd7 Rb3+ 66. Ke2 Rb4 67. Kd3 Nf4+ 68. Kc3 Rb6 69. Rd6+ 1-0

[Event "FIDE World Junior U20-ch Girls 2025"]
[Site "Petrovac"]
[Date "2025.03.02"]
[Round "6.39"]
[White "Cornileau, Juliette"]
[Black "Sovetbekova, Nurai"]
[Result "1-0"]
[Annotator "NA"]
[ECO "B90"]
[WhiteElo "2144"]
[BlackElo "1940"]
[PlyCount "59"]
[EventDate "2025.02.23"]
[EventType "swiss"]
[EventCountry "MNE"]
[SourceTitle "playchess.com"]
[Source "ChessBase"]
[SourceQuality "1"]
[TimeControl "40/5400+30:1800+30"]

1. e4 c5 2. Nf3 d6 3. d4 cxd4 4. Nxd4 Nf6 5. Nc3 a6 6. Bd3 e5 7. Nde2 Be7 8. O-O b5 9. Ng3 O-O 10. f4 Nc6 11. Nd5 Nxd5 12. exd5 Nb4 13. fxe5 Nxd3 14. Qxd3 dxe5 15. Be3 Bb7 16. Rad1 Bd6 17. Nf5 g6 18. Bh6 Re8 19. Qg3 Bc8 20. Bg5 Qb6+ 21. Be3 Bc5 22. Nh6+ Kh8 23. Nxf7+ Kg7 24. Bxc5 Qxc5+ 25. Kh1 Ra7 26. b4 Qxb4 27. Nxe5 Qd6 28. Qf2 Rc7 29. Nf7 Qc5 30. Qf6+ 1-0

[Event "FIDE World Junior U20-ch Girls 2025"]
[Site "Petrovac"]
[Date "2025.03.02"]
[Round "6.40"]
[White "Bochnickova, Simona"]
[Black "Li, Anna Sofie"]
[Result "1-0"]
[Annotator "ChessBase"]
[ECO "C54"]
[WhiteElo "2171"]
[BlackElo "2016"]
[PlyCount "85"]
[EventDate "2025.02.23"]
[EventType "swiss"]
[EventCountry "MNE"]
[SourceTitle "playchess.com"]
[Source "ChessBase"]
[SourceQuality "1"]
[TimeControl "40/5400+30:1800+30"]

1. e4 e5 2. Nf3 Nc6 3. Bc4 Nf6 4. d3 Bc5 5. c3 a6 6. Bb3 d6 7. O-O Ba7 8. Nbd2 O-O 9. h3 h6 10. Re1 Re8 11. Nf1 Be6 12. Be3 Bxe3 13. Nxe3 d5 14. exd5 Nxd5 15. Ng4 Bxg4 16. hxg4 Qd7 17. d4 exd4 18. Rxe8+ Rxe8 19. Nxd4 Nf6 20. Nxc6 Qxc6 21. Qf3 Qxf3 22. gxf3 g6 23. Rd1 c6 24. Kg2 Kg7 25. Rd2 Re7 26. Kg3 h5 27. g5 Nd7 28. Bc2 Nc5 29. b4 Rd7 30. Re2 Ne6 31. f4 Rd6 32. Re5 b6 33. f5 Nxg5 34. fxg6 f6 35. Re7+ Kf8 36. g7+ Kg8 37. Bb3+ Rd5 38. f4 Nf7 39. Bxd5 cxd5 40. Kh4 Kxg7 41. Kxh5 a5 42. bxa5 bxa5 43. Rd7 1-0

[Event "FIDE World Junior U20-ch Girls 2025"]
[Site "Petrovac"]
[Date "2025.03.02"]
[Round "6.41"]
[White "Hernandez, Lexie Grace"]
[Black "Vujatovic, Irina"]
[Result "1-0"]
[Annotator "NA"]
[ECO "D00"]
[WhiteElo "1892"]
[BlackElo "2042"]
[PlyCount "65"]
[EventDate "2025.02.23"]
[EventType "swiss"]
[EventCountry "MNE"]
[SourceTitle "playchess.com"]
[Source "ChessBase"]
[SourceQuality "1"]
[TimeControl "40/5400+30:1800+30"]

1. d4 d5 2. Bf4 Nf6 3. e3 c5 4. c3 Nc6 5. Nf3 Qb6 6. Qc2 cxd4 7. exd4 g6 8. Bd3 Bg7 9. h3 O-O 10. O-O Re8 11. a4 Ne4 12. Na3 e5 13. dxe5 Nxe5 14. Bxe4 dxe4 15. Nxe5 Bxe5 16. Nc4 Qc5 17. Nxe5 Rxe5 18. Bxe5 Qxe5 19. Rfe1 f5 20. Qb3+ Kg7 21. Rad1 b6 22. Qb4 Ba6 23. Rd7+ Kh6 24. c4 Rc8 25. Qd2+ f4 26. Rxa7 Bxc4 27. Qd7 Be6 28. Qxh7+ Kg5 29. Qe7+ Kf5 30. h4 Kg4 31. Rxe4 Rc1+ 32. Kh2 Qxe4 33. Qg5# 1-0

[Event "FIDE World Junior U20-ch Girls 2025"]
[Site "Petrovac"]
[Date "2025.03.02"]
[Round "6.42"]
[White "Karacsonyi, Luca"]
[Black "Xu, Luna Yuexiu"]
[Result "0-1"]
[Annotator "NA"]
[ECO "C07"]
[WhiteElo "2026"]
[BlackElo "1903"]
[PlyCount "114"]
[EventDate "2025.02.23"]
[EventType "swiss"]
[EventCountry "MNE"]
[SourceTitle "playchess.com"]
[Source "ChessBase"]
[SourceQuality "1"]
[TimeControl "40/5400+30:1800+30"]

1. e4 e6 2. d4 d5 3. Nd2 c5 4. exd5 Qxd5 5. dxc5 Bxc5 6. Ngf3 Nc6 7. Bc4 Qd7 8. O-O Nf6 9. Qe2 O-O 10. Ne4 Nxe4 11. Qxe4 h6 12. Qg4 Kh8 13. Qh5 f5 14. Nh4 Qf7 15. Ng6+ Kg8 16. g4 fxg4 17. Qxg4 Qf5 18. Qxf5 Rxf5 19. c3 Kf7 20. Nh4 Rf6 21. b4 Bb6 22. Be3 Bxe3 23. fxe3 Ne5 24. Bb3 b6 25. Nf5 Ba6 26. b5 Bc8 27. Rad1 Bd7 28. Rd2 Bxb5 29. Nd6+ Ke7 30. Nxb5 Nf3+ 31. Rxf3 Rxf3 32. Rd3 Raf8 33. Nd4 R3f6 34. Nc6+ Kf7 35. Ne5+ Kg8 36. Rd7 Rc8 37. Rd3 Re8 38. Rd6 Ref8 39. Bxe6+ Kh7 40. Ng4 Rg6 41. e4 Rff6 42. Bf5 Rxd6 43. Kf2 Kg8 44. Bxg6 Rxg6 45. Ne3 Rd6 46. Nd5 Kf7 47. Ke3 Rc6 48. Kd4 Rc5 49. Ke5 Ra5 50. Kd6 Rxa2 51. e5 Rd2 52. e6+ Ke8 53. c4 Rd4 54. e7 Rxc4 55. Ne3 Re4 56. Nf5 g6 57. Ng7+ Kf7 0-1

[Event "FIDE World Junior U20-ch Girls 2025"]
[Site "Petrovac"]
[Date "2025.03.02"]
[Round "6.43"]
[White "Popova, Kira"]
[Black "Shohradova, Lala"]
[Result "0-1"]
[Annotator "NA"]
[ECO "C02"]
[WhiteElo "1534"]
[BlackElo "2025"]
[PlyCount "88"]
[EventDate "2025.02.23"]
[EventType "swiss"]
[EventCountry "MNE"]
[SourceTitle "playchess.com"]
[Source "ChessBase"]
[SourceQuality "1"]
[TimeControl "40/5400+30:1800+30"]

1. e4 e6 2. d4 d5 3. e5 c5 4. c3 Qb6 5. Nf3 Nc6 6. a3 Bd7 7. b4 cxd4 8. cxd4 Rc8 9. Bb2 Nge7 10. Nc3 Na5 11. Na4 Qc6 12. Nc5 Nc4 13. Bc1 b6 14. Nxd7 Qxd7 15. Bd3 b5 16. O-O Nc6 17. Be3 a5 18. bxa5 N6xa5 19. Qe1 Be7 20. Ra2 O-O 21. Bg5 h6 22. Bxe7 Qxe7 23. Bxc4 Nxc4 24. Qb4 Qd7 25. Rb1 Nb6 26. h3 Na4 27. Raa1 Nc3 28. Rb3 Rc4 29. Qa5 Rfc8 30. Re1 Qb7 31. Rxc3 Rxc3 32. Rb1 Rc1+ 33. Rxc1 Rxc1+ 34. Kh2 Rc4 35. Qd8+ Kh7 36. Qd6 Qc8 37. Qb6 Rc2 38. Qxb5 Rxf2 39. Qd3+ Kg8 40. Nd2 Qc1 41. Nb3 Qxa3 42. Qg3 Rb2 43. Nc5 Qxg3+ 44. Kxg3 Rd2 0-1

[Event "FIDE World Junior U20-ch Girls 2025"]
[Site "Petrovac"]
[Date "2025.03.02"]
[Round "6.44"]
[White "Mickunaite, Agne"]
[Black "Blauhut, Anna"]
[Result "1-0"]
[Annotator "NA"]
[ECO "D31"]
[WhiteElo "1918"]
[BlackElo "1837"]
[PlyCount "59"]
[EventDate "2025.02.23"]
[EventType "swiss"]
[EventCountry "MNE"]
[SourceTitle "playchess.com"]
[Source "ChessBase"]
[SourceQuality "1"]
[TimeControl "40/5400+30:1800+30"]

1. c4 e6 2. Nc3 d5 3. d4 Be7 4. cxd5 exd5 5. Bf4 c6 6. e3 Bf5 7. Qb3 Qb6 8. Qxb6 axb6 9. f3 Nf6 10. g4 Bg6 11. Nge2 Nbd7 12. Bg2 b5 13. Ng3 b4 14. Nce2 b3 15. Kf2 bxa2 16. Nc3 O-O 17. Nxa2 Nb6 18. g5 Nh5 19. Nxh5 Bxh5 20. Nc3 Nc4 21. b3 Nd2 22. Rxa8 Rxa8 23. e4 Nxb3 24. exd5 Bb4 25. dxc6 bxc6 26. Ne2 Bg6 27. Be5 Rd8 28. f4 Bh5 29. Rb1 Bxe2 30. Rxb3 1-0

[Event "FIDE World Junior U20-ch Girls 2025"]
[Site "Petrovac"]
[Date "2025.03.02"]
[Round "6.45"]
[White "Ajradinoska, Indzi"]
[Black "Canino, Ruelle"]
[Result "0-1"]
[Annotator "ChessBase"]
[ECO "A40"]
[WhiteElo "1761"]
[BlackElo "2179"]
[PlyCount "134"]
[EventDate "2025.02.23"]
[EventType "swiss"]
[EventCountry "MNE"]
[SourceTitle "playchess.com"]
[Source "ChessBase"]
[SourceQuality "1"]
[TimeControl "40/5400+30:1800+30"]

1. d4 g6 2. Nf3 Bg7 3. g3 d6 4. Bg2 Nd7 5. O-O e5 6. c4 exd4 7. Nxd4 Ne7 8. Nc3 O-O 9. e3 Ne5 10. b3 Bg4 11. f3 Bd7 12. Bb2 a5 13. Qc2 a4 14. Rad1 Re8 15. Rfe1 axb3 16. axb3 N7c6 17. Nxc6 Nxc6 18. Qf2 Nb4 19. Re2 Ra5 20. Red2 Bc6 21. e4 Qa8 22. f4 Qa7 23. Qxa7 Rxa7 24. Nd5 Bxd5 25. cxd5 Bxb2 26. Rxb2 Ra3 27. Rd4 Na6 28. b4 Ra4 29. Kf2 Nc5 30. Ke3 Ra3+ 31. Ke2 Na4 32. Rc2 Nc3+ 33. Kd2 Nb5 34. Rd3 Ra1 35. Rc1 Ra2+ 36. Rc2 Rea8 37. Bf1 Rxc2+ 38. Kxc2 Ra2+ 39. Kb3 Rxh2 40. Re3 Nd4+ 41. Kc3 Rf2 42. Bd3 Nf3 43. e5 Kf8 44. b5 Ke7 45. Be2 Nh2 46. Kd3 Nf1 47. Bxf1 Rxf1 48. Kc4 Rc1+ 49. Kb4 Rc5 50. Rd3 b6 51. Rd2 h5 52. Rd3 Rc1 53. Re3 Rb1+ 54. Kc4 Rh1 55. Kd4 h4 56. g4 h3 57. Ke4 h2 58. Re2 dxe5 59. Kxe5 f6+ 60. Ke4 Kd6 61. f5 g5 62. Ke3 Kxd5 63. Rd2+ Kc5 64. Kd3 Kxb5 65. Kd4 Ka4 66. Ra2+ Kb3 67. Rd2 c5+ 0-1

[Event "FIDE World Junior U20-ch Girls 2025"]
[Site "Petrovac"]
[Date "2025.03.02"]
[Round "6.46"]
[White "Popovic, Mateja"]
[Black "Kaloki, Zuri"]
[Result "1-0"]
[Annotator "NA"]
[ECO "D50"]
[WhiteElo "1917"]
[BlackElo "1784"]
[PlyCount "57"]
[EventDate "2025.02.23"]
[EventType "swiss"]
[EventCountry "MNE"]
[SourceTitle "playchess.com"]
[Source "ChessBase"]
[SourceQuality "1"]
[TimeControl "40/5400+30:1800+30"]

1. d4 d5 2. c4 e6 3. Nc3 Nf6 4. Bg5 Bb4 5. cxd5 exd5 6. Nf3 h6 7. Bh4 g5 8. Bg3 Ne4 9. Rc1 h5 10. Qa4+ Nc6 11. Ne5 Bd7 12. Nxd7 Qxd7 13. f3 Nxg3 14. hxg3 Qd6 15. Rh3 O-O 16. Kf2 h4 17. gxh4 Qf6 18. e3 Bxc3 19. hxg5 Qe6 20. bxc3 Rae8 21. Re1 Ne7 22. Bd3 Ng6 23. Qd1 Re7 24. f4 f5 25. Rh6 Qd6 26. Qh5 Re6 27. Rh1 Qc6 28. Rxg6+ Rxg6 29. Qh7# 1-0

[Event "FIDE World Junior U20-ch Girls 2025"]
[Site "Petrovac"]
[Date "2025.03.03"]
[Round "7.1"]
[White "Yakimova, Mariya"]
[Black "Allahverdiyeva, Ayan"]
[Result "1-0"]
[Annotator "NA RC"]
[ECO "E47"]
[WhiteElo "2201"]
[BlackElo "2284"]
[PlyCount "57"]
[EventDate "2025.02.23"]
[EventType "swiss"]
[EventCountry "MNE"]
[SourceTitle "playchess.com"]
[Source "ChessBase"]
[SourceQuality "1"]
[TimeControl "40/5400+30:1800+30"]

1. d4 Nf6 2. c4 e6 3. Nc3 Bb4 4. e3 O-O 5. Bd3 Re8 6. Nge2 d5 7. a3 Bf8 8. O-O Nbd7 9. cxd5 exd5 10. Nf4 Nb6 11. a4 a5 12. b3 Bb4 13. Nce2 Qe7 14. Ra2 Ne4 15. f3 Nd6 16. g4 h6 17. Kh1 c6 18. Ng3 c5 19. dxc5 Bxc5 20. Bb1 Bxe3 21. Qd3 Kf8 22. Qh7 Qg5 23. Ngh5 Bxc1 24. Ng6+ Qxg6 25. Bxg6 Re6 26. Qxg7+ Ke7 27. Bf5 Nxf5 28. gxf5 Rc6 29. Re2+ 1-0